 Dungeon Crawl Stone Soup version 0.31.0-12-g77e489cdc1 (webtiles) character file.

Game seed: 6693860270132630666

389 Doomgape the Trooper (level 6, 0/40 HPs)
             Began as a Gargoyle Fighter on Feb 24, 2024.
             Slain by a killer bee (5 damage)
             ... on level 4 of the Dungeon on Feb 25, 2024.
             The game lasted 00:07:51 (2768 turns).

Doomgape the Trooper (Gargoyle Fighter)             Turns: 2768, Time: 00:07:52

Health: 0/40       AC: 22    Str: 22    XL:     6   Next: 79%
Magic:  0/6        EV:  8    Int:  8    God:
Gold:   135        SH:  4    Dex:  9    Spells: 5/5 levels left

rFire   + . .        a - +1 flail (heavy)
rCold   + + .        c - +0 buckler
rNeg    + + +        m - +8 chain mail of the Serpent {rF- rN++ Slay+2}
rPois   ∞            (no helmet)
rElec   +            b - scarf {rC+ rF+}
rCorr   +            (no gloves)
SInv    .            (no boots)
Will    .....        e - amulet of guardian spirit Stlth
                     (no ring)
HPRegen 0.26/turn    (no ring)
MPRegen 0.10/turn

%: guardian spirit
@: resistant
A: sickness immunity, AC +4, negative energy resistance 1, electricity
resistance, torment resistance 1, petrification resistance
a: no special abilities


You were on level 4 of the Dungeon.
You visited 1 branch of the dungeon, and saw 4 of its levels.

You collected 135 gold pieces.

Inventory:

Hand Weapons
 a - a +1 heavy flail (weapon)
Missiles
 k - 5 silver javelins (quivered)
Armour
 b - a scarf of resistance (worn)
 c - a +0 buckler (worn)
 m - the +8 chain mail of the Serpent (worn) {rF- rN++ Slay+2}
   (You found it on level 3 of the Dungeon)

   Slay+2:    It affects your accuracy & damage with ranged weapons and melee
   (+2).
   rF-:       It makes you vulnerable to fire.
   rN++:      It greatly protects you from negative energy.
Jewellery
 e - an amulet of guardian spirit (around neck)
 l - a +5 ring of evasion
Scrolls
 f - a scroll of fog
 g - 3 scrolls of immolation
 h - a scroll of vulnerability
 i - a scroll of teleportation
 n - 2 scrolls of identify
Potions
 d - 3 potions of might


   Skills:
 + Level 5.1 Fighting
 + Level 4.0 Maces & Flails
 + Level 5.1 Armour
 - Level 4.3 Shields


You had 5 spell levels left.
You didn't know any spells.
Your spell library contained the following spells:

 Spells                   Type           Power      Damage    Failure   Level
 Blink                    Tloc           0%         N/A       99%         2
 Ensorcelled Hibernation  Hex/Ice        0%         N/A       99%         2
 Lesser Beckoning         Tloc           0%         N/A       99%         2
 Momentum Strike          Conj/Tloc      0%         3d8       99%         2
 Fugue of the Fallen      Necr           0%         N/A       100%        3
 Anguish                  Hex/Necr       0%         N/A       100%        4


Dungeon Overview and Level Annotations

Branches:
Dungeon (4/15)
 Temple: D:4-7

Altars:
Ashenzari


Innate Abilities, Weirdness & Mutations

You are immune to sickness and miasma.
Your stone body is resilient. (AC +4)
You are immune to poison.
You resist negative energy. (rN+)
You are resistant to electric shocks. (rElec)
You are resistant to unholy torment.
You are immune to petrification.


Message History

The killer bee closely misses you. x2
The killer bee stings you but does no damage.
You closely miss the killer bee.
You feel a little less mighty now. You block the killer bee's attack.
The killer bee stings you but does no damage. x2
The killer bee closely misses you.
Okay, then.
Okay, then.
You hit the killer bee.
The killer bee is moderately wounded.
The killer bee stings you.
* * * LOW HITPOINT WARNING * * *
The killer bee stings you but does no damage.
The killer bee barely misses you.
You closely miss the killer bee.
The killer bee is moderately wounded.
The killer bee barely misses you.
The killer bee stings you but does no damage. x3
You closely miss the killer bee.
The killer bee is moderately wounded.
The killer bee barely misses you.
The killer bee stings you but does no damage.
You block the killer bee's attack.
The killer bee stings you but does no damage.
You miss the killer bee.
The killer bee is moderately wounded.
The killer bee stings you!
* * * LOW HITPOINT WARNING * * *
The killer bee stings you but does no damage. x2
The killer bee stings you.
* * * LOW HITPOINT WARNING * * *
It was a potion of resistance.
You feel protected.
The killer bee stings you but does no damage. x2
You closely miss the killer bee.
The killer bee is moderately wounded.
The killer bee stings you but does no damage.
The killer bee stings you!
You die...

#.#.# #.#.##
#....#
#....#
#######....#
.......J.###
########†#
#J#####.#
#yy@.##.#
####.##.#
#.##.#
#.##.#
#.##.#
#.##.#
#.##.#
###....# ###
#....###


You could see 2 killer bees and an endoplasm.

Vanquished Creatures
  2 killer bees (D:4)
  A bombardier beetle (D:3)
  An orc priest (D:3)
  Natasha (twice) (D:4)
  2 orc wizards (D:3)
  5 gnolls
  An adder (D:4)
  2 ribbon worms
  3 dart slugs (D:3)
  9 orcs (D:3)
  9 endoplasms
  A giant cockroach (D:3)
  5 goblins
  4 hobgoblins
  3 jackals (D:1)
  A quokka (D:1)
  9 ball pythons
  A bat (D:2)
  A frilled lizard (D:1)
  4 kobolds
  7 rats
73 creatures vanquished.

Notes
Turn   | Place    | Note
-------+----------+-------------------------------------------
     0 | D:1      | Doomgape the Gargoyle Fighter began the quest for the Orb.
     0 | D:1      | Reached XP level 1. HP: 14/14 MP: 1/1
   320 | D:1      | Reached XP level 2. HP: 14/19 MP: 2/2
   724 | D:1      | Reached XP level 3. HP: 18/24 MP: 3/3
  1137 | D:2      | Found a broken altar of Ashenzari.
  1269 | D:2      | Reached XP level 4. HP: 9/29 MP: 2/4
  1946 | D:3      | Identified the +8 chain mail of the Serpent {rF- rN++
                  | Slay+2}
  2008 | D:3      | Reached XP level 5. HP: 33/33 MP: 5/5
  2170 | D:3      | Reached XP level 6. HP: 39/39 MP: 6/6
  2315 | D:3      | Found a faded altar of an unknown god.
  2496 | D:4      | Noticed Natasha
  2518 | D:4      | Killed Natasha
  2721 | D:4      | Noticed Natasha
  2731 | D:4      | Killed Natasha
  2739 | D:4      | Reached skill level 5 in Fighting
  2739 | D:4      | Reached skill level 5 in Armour
  2768 | D:4      | Slain by a killer bee

Illustrated notes

Levels and vault maps discovered:
D:1:      saegor_arrival_simple_d, layout_basic
D:2:      layout_loops_cross, basic_altar, nicolae_grassy_gnolls
D:3:      layout_rooms, hellmonk_ecumenical_altar_inner_sanctum,
          minmay_misc_feat_five, glass_columns_a
D:4:      layout_loops_ring, uniq_natasha

Skill      XL: |  1  2  3  4  5  6 |
---------------+-------------------+-----
Fighting       | 4 5 |  5.1
Shields        | 4 |  4.3
Armour         | 4 5 |  5.1
Maces & Flails | 3 4 |  4.0

Action                     |  1- 3 |  4- 6 || total
---------------------------+-------+-------++-------
  Melee: Flail             |    90 |   172 ||   262
    Use: Scroll            |     3 |     5 ||     8
         Potion            |     1 |     3 ||     4
 Armour: Scale mail        |    61 |    33 ||    94
         Chain mail        |       |   200 ||   200
  Dodge: Dodged            |    50 |   108 ||   158
  Block: Buckler           |    19 |    48 ||    67
